 Dungeon Crawl Stone Soup version 0.28-b1-25-g9875b3fc8c (webtiles) character file.

Game seed: 5858651132471905562

252 ZappyNine the Grave Robber (level 5, -3/38 HPs)
             Began as a Vampire Necromancer on Jan 31, 2022.
             Killed from afar by an orc wizard (15 damage)
             ... with a puff of flame
             ... on level 3 of the Dungeon.
             The game lasted 00:03:04 (1688 turns).

ZappyNine the Grave Robber (Vampire Necromancer)    Turns: 1688, Time: 00:03:04

Health: -3/38      AC:  0    Str:  9    XL:     5   Next: 89%
Magic:  6/9        EV: 12    Int: 18    God:
Gold:   22         SH:  0    Dex: 14    Spells: 6/10 levels left

rFire   . . .      SeeInvis +   j - +2 dagger (venom)
rCold   . . .      Faith    .   (no shield)
rNeg    . . .      Spirit   .   (no armour)
rPois   .          Reflect  .   (no helmet)
rElec   .          Harm     .   (no cloak)
rCorr   .          Rampage  .   (no gloves)
Will    .....                   (no boots)
Stlth   +.........              (no amulet)
HPRegen 0.32/turn               (no ring)
MPRegen 0.11/turn               (no ring)

@: confused, healing quickly
A: alive, fangs 3, see invisible, vampiric 2
a: Exsanguinate


You were on level 3 of the Dungeon.
You visited 1 branch of the dungeon, and saw 3 of its levels.

You collected 22 gold pieces.

Inventory:

Hand Weapons
 j - a +2 dagger of venom (weapon)
Missiles
 f - a throwing net
Jewellery
 a - an amulet of faith
Scrolls
 b - a scroll of teleportation {unknown}
 e - 4 scrolls of identify {unknown}
 i - a scroll of enchant armour {unknown}
 k - a scroll of torment {unknown}
 l - a scroll of magic mapping {unknown}
 m - a scroll of blinking {unknown}
 n - a scroll of fear {unknown}
Potions
 c - 3 potions of curing {unknown}
 d - 2 potions of lignification {unknown}
 g - a potion of ambrosia {unknown}
 h - a potion of might


   Skills:
 + Level 2.1 Fighting
 + Level 2.4 Short Blades
 - Level 2.1 Dodging
 - Level 3.0 Stealth
 + Level 3.2 Spellcasting
 + Level 5.9 Necromancy


You had 6 spell levels left.
You knew the following spells:

 Your Spells              Type           Power      Damage    Failure   Level
a - Pain                  Necr           96%        1d8       1%          1
b - Vampiric Draining     Necr           24%        2d7       4%          3

Your spell library contained the following spells:

 Spells                   Type           Power      Damage    Failure   Level
 Animate Skeleton         Necr           48%        N/A       1%          1
 Animate Dead             Necr           12%        N/A       14%         4
 Agony                    Necr           24%        N/A       36%         5
 Dazzling Flash           Conj/Hex       4%         N/A       43%         3
 Iskenderun's Mystic Bla  Conj/Tloc      2%         2d3       85%         4
 Silence                  Hex/Air        1%         N/A       99%         5
 Starburst                Conj/Fire      1%         6d3       100%        6


Dungeon Overview and Level Annotations

Branches:
Dungeon (3/15)

Altars:
Gozag


Innate Abilities, Weirdness & Mutations

Your natural rate of healing is accelerated.
You have razor-sharp teeth.
You have supernaturally acute eyesight. (SInv)
You are afflicted with vampirism and can become a bat while bloodless.


Message History

You are too injured to fight recklessly!
You are too injured to fight recklessly!
You are too injured to fight recklessly!
You are too injured to fight recklessly!
You are too injured to fight recklessly!
You are too injured to fight recklessly!
You are too injured to fight recklessly!
Unknown command.
Casting: Pain (safe; 1% risk of failure)
Confirm with . or Enter, or press ? or * to list all spells.
Aiming: Vampiric Draining (dangerous; 4% risk of failure)
Press: ? - help, Shift-Dir - straight line, f - orc priest
Aim: an orc priest, wielding a +0 whip (severely wounded, extremely poisoned)
You draw life force from the orc priest!
You kill the orc priest!
You feel life coursing into your body.
Unknown command.
You hit the orc wizard.
The orc wizard is poisoned.
The orc wizard is moderately wounded.
The orc wizard points at you and mumbles some strange words.
You are confused.
You're too confused to cast spells.
You bump into the rock wall.
The orc wizard hits you with a +0 dagger.
Unknown command.
Unknown command.
You completely miss the orc wizard.
The orc wizard is heavily wounded.
The orc wizard hits you with a +0 dagger.
You closely miss the orc wizard.
The orc wizard is severely wounded.
The orc wizard hits you with a +0 dagger.
* * * LOW HITPOINT WARNING * * *
Unknown command.
You bump into the rock wall.
The orc wizard completely misses you.
Unknown command.
You bump into the rock wall.
The orc wizard casts a spell at you. The puff of flame hits you!
You die...

## #.# .# #.# ##
.### .# #.# ..
..†#..# #.##.
.###.. #... .#...
#o. ##.# #o# ...
#@# .# #.# .#
##########.# .#
#........#.#
#######.######.#.#
...............#.#
#######.########.#
# #..........# #
#.##########


You could see an orc wizard (invisible, very poisoned) and an orc.

Vanquished Creatures
  Sigmund (D:2)
  An orc priest (D:3)
  Jessica (D:2)
  3 dart slugs
  2 orcs (D:3)
  5 ball pythons
  4 endoplasms
  5 goblins
  2 hobgoblins
  4 jackals (D:2)
  5 kobolds
  3 bats
  2 frilled lizards
  3 rats
41 creatures vanquished.

Notes
Turn   | Place    | Note
-------+----------+-------------------------------------------
     0 | D:1      | ZappyNine the Vampire Necromancer began the quest for the
                  | Orb.
     0 | D:1      | Reached XP level 1. HP: 13/13 MP: 3/3
   209 | D:1      | Reached XP level 2. HP: 19/19 MP: 3/5
   267 | D:1      | Reached skill level 5 in Necromancy
   817 | D:2      | Found an opulent altar of Gozag.
   940 | D:2      | Gained mutation: You are afflicted with vampirism and can
                  | become a bat while bloodless. [Vampire growth]
   940 | D:2      | Reached XP level 3. HP: 20/25 MP: 6/6
  1051 | D:2      | Noticed Jessica
  1055 | D:2      | Killed Jessica
  1078 | D:2      | Learned a level 3 spell: Vampiric Draining
  1160 | D:2      | Reached skill level 1 in Short Blades
  1250 | D:2      | Noticed Sigmund
  1258 | D:2      | Killed Sigmund
  1259 | D:2      | Reached skill level 1 in Fighting
  1259 | D:2      | Reached XP level 4. HP: 3/33 MP: 4/8
  1259 | D:2      | Reached XP level 5. HP: 3/38 MP: 4/9
  1688 | D:3      | Killed from afar by an orc wizard

Illustrated notes

Levels and vault maps discovered:
D:1:      dpeg_arrival_concentric_ovals, layout_rooms
D:2:      layout_rooms, basic_altar, hangedman_abyss_or_decor_stabs,
          uniq_sigmund, uniq_jessica
D:3:      wad_river_or_something, layout_basic, serial_bayou_lagoon_a,
          minmay_quantized, uniq_natasha

Skill      XL: |  1  2  3  4  5 |
---------------+----------------+-----
Necromancy     | 5 |  5.9
Short Blades   | 2 |  2.4
Fighting       | 1 2 |  2.1
Spellcasting   | 3 |  3.2
Dodging        | |  2.1
Stealth        | |  3.0

Action                   |  1- 3 |  4- 6 || total
-------------------------+-------+-------++-------
Melee: Falchion          |    43 |       ||    43
       Dagger            |    26 |    31 ||    57
       Bite              |    10 |     4 ||    14
 Cast: Pain              |    21 |     2 ||    23
       Vampiric Draining |       |     1 ||     1
 Stab: Sleeping          |     3 |       ||     3
Armor: Robe              |    15 |       ||    15
Dodge: Dodged            |    34 |    17 ||    51
